 Dungeon Crawl Stone Soup version 0.31-a0-1627-g952d896 (webtiles) character file.

Game seed: 12365147864116197980

105939 PidgeyThePirate the Hand of Fortune (level 15, -6/122 HPs)
             Began as a Demonspawn Monk on Jan 12, 2024.
             Was the Champion of Nemelex Xobeh.
             Incinerated by a deep elf pyromancer (21 damage)
             ... with a pyre arrow
             ... on level 2 of the Orcish Mines.
             The game lasted 01:15:12 (22944 turns).

PidgeyThePirate the Hand of Fortune (DsMo)         Turns: 22944, Time: 01:15:13

Health: -6/122     AC: 28    Str: 22    XL:     15   Next: 67%
Magic:  16/16      EV: 15    Int: 15    God:    Nemelex Xobeh [******]
Gold:   1750       SH:  0    Dex: 20    Spells: 14/14 levels left

rFire   . . .        R - +0 quarterstaff (spect)
rCold   + . .        (shield currently unavailable)
rNeg    . . .        i - +3 plate armour {rC+}
rPois   .            Y - +4 helmet of Shrieking Amelioration {rElec Str+3}
rElec   +            L - +2 cloak {rCorr}
rCorr   +            o - +0 pair of gloves of Giuqili {Will+ MP-9 Int+2}
SInv    +            (no boots)
Will    ++...        M - amulet of regeneration Stlth
                     W - ring of Coeppead {Fly Str+5 Dex+2}
HPRegen 1.20/turn    A - ring of see invisible
MPRegen 0.15/turn

%: no passive effects
@: on fire, flying, glowing
A: hooves 2, repulsion field 2, icemail 2, spiny 1, condensation shield
a: Renounce Religion, Draw Escape, Draw Destruction, Draw Summoning, Triple
Draw, Deal Four, Stack Five


You were on level 2 of the Orcish Mines.
You worshipped Nemelex Xobeh.
Nemelex Xobeh was exalted by your worship.
You visited 5 branches of the dungeon, and saw 24 of its levels.
You visited the Abyss 1 time.
You also visited: Sewer, Ossuary, Gauntlet and Volcano.

You collected 2181 gold pieces.
You spent 431 gold pieces at shops.

Inventory:

Hand Weapons
 p - a +0 quarterstaff of protection
 R - a +0 spectral quarterstaff (weapon)
Missiles
 g - 2 throwing nets (quivered)
Armour
 i - a +3 plate armour of cold resistance (worn)
 k - a +1 scale mail of poison resistance
 o - the +0 pair of gloves of Giuqili (worn) {Will+ MP-9 Int+2}
   (You found it in a Gauntlet)

   Int+2:     It affects your intelligence (+2).
   Will+:     It increases your willpower.
   MP-9:      It affects your magic capacity (-9).
 r - a +4 scale mail of fire resistance
 L - a +2 cloak of preservation (worn)
 Y - the +4 helmet of Shrieking Amelioration (worn) {rElec Str+3}
   (You found it in a Gauntlet)

   Str+3:     It affects your strength (+3).
   rElec:     It insulates you from electricity.
Jewellery
 A - a ring of see invisible (right hand)
 D - the ring "Hoomm" {rC+ Int+2 SInv}
   (You acquired it on level 5 of the Dungeon)

   [ring of protection from cold]

   Int+2:     It affects your intelligence (+2).
   rC+:       It protects you from cold.
   SInv:      It lets you see invisible.
 F - a ring of protection from fire
 J - a ring of positive energy
 M - an amulet of regeneration (around neck)
 U - a ring of magical power
 W - the ring of Coeppead (left hand) {Fly Str+5 Dex+2}
   (You bought it in a shop on level 10 of the Dungeon)

   [ring of flight]

   Str+5:     It affects your strength (+5).
   Dex+2:     It affects your dexterity (+2).
   Fly:       It grants you flight.
Wands
 h - a wand of polymorph (4)
 H - a wand of mindburst (17)
 N - a wand of quicksilver (9)
 P - a wand of iceblast (17)
 T - a wand of digging (5)
 X - a wand of charming (25)
 Z - a wand of flame (24)
Scrolls
 b - 4 scrolls of revelation
 d - 2 scrolls of fear
 f - 9 scrolls of immolation
 m - 10 scrolls of fog
 n - 2 scrolls of noise
 q - 2 scrolls of brand weapon
 t - 7 scrolls of enchant armour
 v - 4 scrolls of enchant weapon
 y - 3 scrolls of amnesia
 z - a scroll of torment
 B - 4 scrolls of teleportation
 E - 5 scrolls of poison
 G - 3 scrolls of silence
 I - 3 scrolls of vulnerability
 K - 2 scrolls of summoning
Potions
 a - a potion of haste
 c - 4 potions of ambrosia
 e - 8 potions of lignification
 j - 4 potions of enlightenment
 l - 3 potions of cancellation
 u - 8 potions of magic
 w - 6 potions of curing
 C - 3 potions of brilliance
 O - 3 potions of mutation
 Q - 3 potions of heal wounds
 S - 4 potions of attraction
 V - 2 potions of invisibility
Miscellaneous
 s - a phial of floods


   Skills:
 + Level 12.8 Fighting
 + Level 3.6 Short Blades
 - Level 14.0 Staves
 + Level 10.2 Armour
 + Level 9.0 Dodging
 + Level 7.6 Stealth
 + Level 6.4 Shields
 * Level 14.5 Invocations
 + Level 1.3 Evocations


You had 14 spell levels left.
You didn't know any spells.
Your spell library contained the following spells:

 Spells                   Type           Power      Damage    Failure   Level
 Magic Dart               Conj           0%         1d3       98%         1
 Sandblast                Erth           0%         2d4       98%         1
 Slow                     Hex            0%         N/A       98%         1
 Cigotuvi's Dreadful Rot  Necr/Alch/Air  0%         N/A       99%         2
 Ensorcelled Hibernation  Hex/Ice        0%         N/A       99%         2
 Lesser Beckoning         Tloc           0%         N/A       99%         2
 Mercury Vapours          Alch/Air       0%         N/A       99%         2
 Scorch                   Fire           0%         2d5       99%         2
 Searing Ray              Conj           0%         2d4       99%         2
 Sublimation of Blood     Necr           0%         N/A       99%         2
 Confusing Touch          Hex            0%         N/A       100%        3
 Fugue of the Fallen      Necr           0%         N/A       100%        3
 Gell's Gravitas          Tloc           0%         N/A       100%        3
 Mephitic Cloud           Conj/Alch/Air  0%         N/A       100%        3
 Passwall                 Erth           0%         N/A       100%        3
 Sigil of Binding         Hex            0%         N/A       100%        3
 Stone Arrow              Conj/Erth      0%         3d7       100%        3
 Teleport Other           Tloc           0%         N/A       100%        3
 Tukima's Dance           Hex            0%         N/A       100%        3
 Vampiric Draining        Necr           0%         2d6       100%        3
 Volatile Blastmotes      Fire/Tloc      0%         2d10      100%        3
 Anguish                  Hex/Necr       0%         N/A       100%        4
 Brom's Barrelling Bould  Conj/Erth      0%         2d3       100%        4
 Flame Wave               Conj/Fire      0%         2d4       100%        4
 Fulminant Prism          Conj/Alch      0%         3d5       100%        4
 Ignite Poison            Fire/Alch      0%         N/A       100%        4
 Passage of Golubria      Tloc           0%         N/A       100%        4
 Petrify                  Alch/Erth      0%         N/A       100%        4
 Vhi's Electric Charge    Tloc/Air       0%         N/A       100%        4
 Arcjolt                  Conj/Air       0%         1d10      100%        5
 Freezing Cloud           Conj/Ice/Air   0%         6-21      100%        5
 Irradiate                Conj/Alch      0%         3d11      100%        5
 Iskenderun's Battlesphe  Conj           0%         2d6       100%        5
 Yara's Violent Unravell  Hex/Alch       0%         3d3       100%        5
 Bombard                  Conj/Erth      0%         9d1       100%        6
 Plasma Beam              Fire/Air       0%         2x1d10    100%        6
 Summon Cactus Giant      Summ           0%         N/A       100%        6
 Spellforged Servitor     Conj/Summ      0%         N/A       100%        7
 Discord                  Hex            0%         N/A       100%        8


Dungeon Overview and Level Annotations

Branches:
Dungeon (15/15)            Temple (1/1) D:6            Lair (5/5) D:11
  Swamp (0/4) Lair:2       Spider (0/4) Lair:2        Slime (0/5) Lair:4
    Orc (2/2) D:9             Elf (1/3) Orc:2        Depths (0/4) D:15
  Sewer (visited)         Ossuary (visited)         Volcano (visited)
Gauntlet (visited)
 Vaults: D:13-14

Altars:
Ashenzari
Cheibriados
Dithmenos
Fedhas
Gozag
Hepliaklqana
Kikubaaqudgha
Makhleb
Nemelex Xobeh
Okawaru
Qazlal
Ru
Sif Muna
Trog
Uskayaw
Vehumet
Wu Jian
Xom
Yredelemnul

Shops:
D:8 [   D:10 =   Orc:1 !   Orc:2 [(**(

Portals:
Trove: D:10 (show abyssal rune of Zot)

Annotations:
D:6 3 runed translucent doors, Jeremiah; seeu12's ghost, novice GnWr


Innate Abilities, Weirdness & Mutations

You have hoof-like feet.
You are surrounded by a moderate repulsion field. (EV +3)
A meltable icy envelope protects you from harm. (AC +0)
You are partially covered in sharp spines.
A meltable shield of frost defends you. (SH +0)


Message History

The fire elemental burns your +0 spectral quarterstaff!
Your +0 spectral quarterstaff resists.
Your spectral weapon shares its damage with you!
You hit the deep elf pyromancer.
Your kick misses the deep elf pyromancer.
The deep elf pyromancer is almost dead.
Your +0 spectral quarterstaff hits the deep elf pyromancer!!
You kill the deep elf pyromancer!
The fire elemental disappears in a puff of smoke!
The liquid fire burns you!
You sock the deep elf zephyrmancer!
The deep elf zephyrmancer is heavily wounded.
Your +0 spectral quarterstaff hits the deep elf zephyrmancer.
The liquid fire burns you!
The deep elf zephyrmancer hits your +0 spectral quarterstaff with a +2 long sword of holy wrath.
Your spectral weapon shares its damage with you!
You sock the deep elf zephyrmancer!
The deep elf zephyrmancer is almost dead.
Your +0 spectral quarterstaff hits the deep elf zephyrmancer!
You kill the deep elf zephyrmancer!
The liquid fire burns you!
You swap places.
You shake off some of the fire as you move.
Your +0 spectral quarterstaff disappears.
The liquid fire burns you!
Things that are here:
a +2 long sword of holy wrath; a +4 dagger of draining; a +0 scale mail You shake off some of the fire as you move.
The liquid fire burns you!
You shake off some of the fire as you move.
The liquid fire burns you!
* * * LOW HITPOINT WARNING * * *
There is a staircase back to the Mines here.
The liquid fire burns you!
* * * LOW HITPOINT WARNING * * *
You shake off some of the fire as you move.
You fly upwards.
Welcome back to the Orcish Mines!
The liquid fire burns you!
You die...
Your body glows with a rainbow of weird colours and disappears.

#..#####.......<.................
.#...............................
............##..................#
.#....#........................##
###.##.#.#.....................#)
###...##.#............#......'.
##...##................#.....#)
#........#..............#....##
##....#.#.....@.........##.####
###..................<..##...#..
##...##########..........###..##.
#..###...#...###...#.##.####...^.
..####...#...# #....#............
..#∩##...#...####......#####.....
.##.8##'###'##8.#.....##...##....
.#........).....'.8...#.....#....
.#_......8).)..)))....#..8..#....


There were no monsters in sight!

Vanquished Creatures
  Jorgrun (D:14)
  Frances (D:14)
  An orc warlord (Orc:2)
  A minotaur (Gauntlet)
  4 hydras
  A fire dragon (D:14)
  Harold (D:10)
  2 great orbs of eyes
  Erolcha (D:11)
  An ogre mage (D:15)
  2 rakshasas (D:15)
  A death knight (D:14)
  4 two-headed ogres
  2 catoblepae
  3 centaur warriors
  3 boulder beetles
  Urug (Lair:4)
  3 tengu warriors
  Sonja (D:14)
  3 orc high priests
  3 skysharks
  A fire crab (D:15)
  9 skeletal warriors
  A deep troll (D:15)
  2 obsidian statues
  4 orc knights
  2 phantasmal warriors (D:14)
  A deep elf pyromancer (Elf:1)
  An orc sorcerer (Orc:2)
  2 deep elf zephyrmancers (Elf:1)
  A shining eye (shapeshifter) (D:15)
  4 manticores
  5 ugly things
  4 cyclopes
  2 meliai (D:15)
  5 elephants
  8 kobold blastminers
  2 gargoyles
  The ghost of ironshield the Cleaver, a novice HOFi (D:5)
  The ghost of wqsa789 the Chopper, a novice FoFi (D:5)
  The ghost of PidgeyThePirate the Covered, a novice DsFi of Wu Jian (D:5)
  4 black mambas
  An unseen horror (D:11)
  4 cane toads
  The ghost of PublicAnimeNo1 the Apothecary, a novice DsAl of Ru (D:5)
  An ice devil (Gauntlet)
  A freezing wraith (D:14)
  11 komodo dragons
  2 tengu conjurers (D:14)
  3 rime drakes
  An efreet (Volcano)
  Psyche (D:9)
  7 polar bears
  5 hornets
  6 trolls
  A tarantella (Lair:2)
  20 blink frogs
  Grinder (D:6)
  Prince Ribbit (D:9)
  A raiju (D:15)
  10 spriggans (Lair:5)
  A culicivora (Lair:2)
  3 slime creatures (D:15)
  A vampire (D:12)
  A shadow (D:11)
  A wyvern (shapeshifter) (D:11)
  56 yaks
  A basilisk (Lair:3)
  7 wraiths
  5 wyverns
  The ghost of december12 the Trooper, an amateur BaAr (D:5)
  2 fire elementals (Volcano)
  2 wargs (Orc:1)
  7 fire bats
  Grum (D:11)
  4 vampire mosquitoes (D:12)
  2 steam dragons
  12 water moccasins
  A hell hound (D:15)
  A black bear (Lair:2)
  23 orc warriors
  2 sky beasts
  5 ice beasts
  11 ogres
  3 boggarts (Lair:5)
  5 centaurs
  3 phantoms
  25 wolves
  4 kobold brigands
  16 bullfrogs
  3 gnoll sergeants
  12 scorpions
  12 wights (D:8)
  7 killer bees
  2 electric eels
  5 howler monkeys
  2 centaur zombies
  4 lava snakes (Volcano)
  2 hounds (D:6)
  A bullfrog zombie (D:4)
  3 human zombies (Ossuary)
  23 orc priests
  Jessica (D:3)
  3 iguanas
  6 scorpion zombies
  6 hell rats (Lair:5)
  32 orc wizards
  2 hound skeletons (D:5)
  2 hound zombies
  4 mummies
  22 gnolls
  A howler monkey skeleton (D:5)
  2 river rats
  13 adders
  2 shadow imps
  4 white imps
  2 ufetubi (D:6)
  5 adder skeletons
  7 adder zombies
  10 dart slugs
  80 orcs
  23 ball pythons
  4 bats
  12 endoplasms
  13 giant cockroaches
  3 gnoll zombies (Ossuary)
  A goblin (D:1)
  6 hobgoblins
  32 kobolds
  2 quokkas
  A ball python zombie (Ossuary)
  13 frilled lizards
  A hobgoblin zombie (D:4)
  4 jackal zombies
  A kobold zombie (D:4)
  3 orc zombies
  6 rats
790 creatures vanquished.

Vanquished Creatures (collateral kills)
  A stone giant (Volcano)
  A polar bear (Lair:5)
  2 hornets (Lair:5)
  A dream sheep (Lair:5)
  3 spriggans (Lair:5)
  A yak (Lair:5)
  A black bear (Lair:5)
  A boggart (Lair:5)
  5 wolves (Lair:5)
16 creatures vanquished.

Vanquished Creatures (others)
  A kobold brigand (D:11)
  2 spectral weapons
3 creatures vanquished.

Grand Total: 809 creatures vanquished

Notes
Turn   | Place    | Note
-------+----------+-------------------------------------------
     0 | D:1      | PidgeyThePirate the Demonspawn Monk began the quest for the
                  | Orb.
     0 | D:1      | Reached XP level 1. HP: 18/18 MP: 1/1
   175 | D:1      | Gained mutation: A meltable shield of frost defends you.
                  | (SH +0) [demonic ancestry]
   175 | D:1      | Reached XP level 2. HP: 16/24 MP: 2/2
   572 | D:1      | Gained mutation: You have large cloven feet. [demonic
                  | ancestry]
   572 | D:1      | Reached XP level 3. HP: 29/29 MP: 3/3
  1177 | D:2      | Reached skill level 1 in Staves
  1528 | D:2      | Gained mutation: You have hoof-like feet. [demonic
                  | ancestry]
  1528 | D:2      | Reached XP level 4. HP: 35/35 MP: 4/4
  1876 | D:3      | Found an opulent altar of Gozag.
  1924 | D:3      | Found a hazy altar of Hepliaklqana.
  2127 | D:3      | Reached skill level 1 in Armour
  2307 | D:3      | Found a faded altar of an unknown god.
  2368 | D:3      | Noticed Jessica
  2377 | D:3      | Killed Jessica
  2432 | D:3      | Reached XP level 5. HP: 41/41 MP: 5/5
  2578 | D:4      | Reached XP level 6. HP: 14/48 MP: 6/6
  2731 | D:4      | Identified the +0 robe "Caol" {Rampage Will- Str+6 Stlth+}
  3034 | D:4      | Found a sacrificial altar of Ru.
  3308 | D:4      | Gained mutation: You are surrounded by a mild repulsion
                  | field. (EV +2) [demonic ancestry]
  3308 | D:4      | Reached XP level 7. HP: 50/54 MP: 7/7
  3601 | D:5      | Entered Level 5 of the Dungeon
  3772 | D:5      | Reached skill level 5 in Staves
  3876 | D:5      | Found a sand-covered staircase.
  3881 | D:5      | Reached skill level 1 in Shields
  3892 | Ossuary  | Entered an ossuary
  4023 | Ossuary  | Gained mutation: You are surrounded by a moderate repulsion
                  | field. (EV +3) [demonic ancestry]
  4023 | Ossuary  | Reached XP level 8. HP: 53/61 MP: 8/8
  4909 | D:5      | Reached skill level 5 in Fighting
  5000 | D:5      | Found a runed translucent gate.
  5000 | D:5      | Found a runed translucent gate.
  5000 | D:5      | Found a runed translucent gate.
  5003 | D:5      | Noticed december12's ghost (amateur BaAr)
  5003 | D:5      | Noticed PidgeyThePirate's ghost (novice DsFi)
  5004 | D:5      | Noticed wqsa789's ghost (novice FoFi)
  5004 | D:5      | Noticed ironshield's ghost (novice HOFi)
  5005 | D:5      | Noticed PublicAnimeNo1's ghost (novice DsAl)
  5120 | D:5      | Reached skill level 1 in Stealth
  5500 | D:6      | Gained mutation: A meltable icy envelope protects you from
                  | harm. (AC +0) [demonic ancestry]
  5500 | D:6      | Reached XP level 9. HP: 66/68 MP: 9/9
  5570 | D:6      | Found a glowing drain.
  5582 | Sewer    | Entered a sewer
  6009 | D:6      | Noticed Grinder
  6019 | D:6      | Killed Grinder
  6032 | D:6      | Noticed Jeremiah
  6305 | D:6      | Found a runed translucent gate.
  6305 | D:6      | Found a runed translucent gate.
  6305 | D:6      | Found a runed translucent gate.
  6359 | D:6      | Found a staircase to the Ecumenical Temple.
  6413 | Temple   | Entered the Ecumenical Temple
  6421 | Temple   | Became a worshipper of Nemelex Xobeh the Trickster
  6421 | Temple   | Reached * piety under Nemelex Xobeh
  6421 | Temple   | Received a gift from Nemelex Xobeh
  6421 | Temple   | Reached ** piety under Nemelex Xobeh
  6518 | D:6      | Noticed seeu12's ghost (novice GnWr)
  6643 | D:7      | Reached skill level 1 in Invocations
  7543 | D:8      | Noticed a two-headed ogre
  7600 | D:8      | Killed a two-headed ogre
  7601 | D:8      | Reached skill level 10 in Staves
  7601 | D:8      | Gained mutation: You are partially covered in sharp spines.
                  | [demonic ancestry]
  7601 | D:8      | Reached XP level 10. HP: 36/76 MP: 10/12
  7911 | D:8      | Found Mer Loen's Antique Armour Shop.
  7976 | D:8      | Reached skill level 1 in Evocations
  8174 | D:8      | Reached *** piety under Nemelex Xobeh
  8390 | D:8      | Found a bloodstained altar of Trog.
  8585 | D:9      | Found an iron altar of Okawaru.
  8748 | D:9      | Paralysed by a hornet for 1 turns
  8755 | D:9      | Paralysed by a hornet for 2 turns
  8811 | D:9      | Noticed Prince Ribbit
  8823 | D:9      | Killed Prince Ribbit
  8824 | D:9      | Reached skill level 5 in Invocations
  8873 | D:9      | Found a staircase to the Orcish Mines.
  8921 | D:9      | Noticed Psyche
  8926 | D:9      | Killed Psyche
  8927 | D:9      | Reached skill level 5 in Armour
  8971 | D:9      | Noticed a two-headed ogre
  8985 | D:9      | Killed a two-headed ogre
  9076 | D:9      | Reached XP level 11. HP: 81/83 MP: 15/15
  9306 | D:10     | Entered Level 10 of the Dungeon
  9411 | D:10     | Found Xeg Laur's Jewellery Boutique.
  9429 | D:10     | Bought the ring of Coeppead {Fly Str+5 Dex+2} for 431 gold
                  | pieces
  9465 | D:10     | Found a portal to a secret trove of treasure.
  9496 | D:10     | Reached **** piety under Nemelex Xobeh
  9496 | D:10     | Received a gift from Nemelex Xobeh
  9854 | D:10     | Found a burning altar of Makhleb.
  9990 | D:10     | Reached skill level 5 in Dodging
 10062 | D:11     | Noticed Harold
 10153 | D:10     | Killed Harold
 10227 | D:11     | Found a staircase to the Lair.
 10241 | D:11     | Noticed Erolcha
 10246 | Abyss:1  | Cast into level 1 of the Abyss (Erolcha)
 10251 | Abyss:1  | Noticed a brown very ugly thing
 10251 | Abyss:1  | Noticed a brown very ugly thing
 10251 | Abyss:1  | Noticed a brown ugly thing
 10251 | Abyss:1  | Noticed a brown very ugly thing
 10251 | Abyss:1  | Noticed a brown very ugly thing
 10273 | D:11     | Escaped the Abyss
 10434 | D:11     | Noticed Sonja
 10491 | D:11     | Killed Erolcha
 10898 | D:11     | Noticed Grum
 10917 | D:11     | Killed Grum
 10993 | D:11     | Received a gift from Nemelex Xobeh
 11276 | D:12     | Reached ***** piety under Nemelex Xobeh
 11459 | D:12     | Noticed a centaur warrior
 11474 | D:12     | Killed a centaur warrior
 11479 | D:12     | Received a gift from Nemelex Xobeh
 11522 | D:12     | Reached XP level 12. HP: 92/92 MP: 17/17
 11867 | Lair:1   | Entered Level 1 of the Lair of Beasts
 12295 | Lair:1   | Noticed a boulder beetle
 12332 | Lair:1   | Killed a boulder beetle
 12971 | Lair:2   | Received a gift from Nemelex Xobeh
 13072 | Lair:2   | Found a gate leading to a gauntlet.
 13270 | Lair:2   | Found a staircase to the Swamp.
 13330 | Lair:2   | Received a gift from Nemelex Xobeh
 13332 | Gauntlet | Entered a Gauntlet
 13332 | Gauntlet | Found a transporter.
 13332 | Gauntlet | Found a transporter.
 13336 | Gauntlet | Found a transporter.
 13338 | Gauntlet | Found a transporter.
 13343 | Gauntlet | Noticed a dire elephant
 13346 | Gauntlet | Found a transporter.
 13367 | Gauntlet | Found a transporter.
 13371 | Gauntlet | Noticed a great orb of eyes
 13375 | Gauntlet | Found a transporter.
 13375 | Gauntlet | Found a transporter.
 13379 | Gauntlet | Found a transporter.
 13396 | Gauntlet | Noticed a minotaur
 13406 | Gauntlet | Found a transporter.
 13413 | Gauntlet | Found a transporter.
 13434 | Gauntlet | Received a gift from Nemelex Xobeh
 13459 | Gauntlet | Found a transporter.
 13468 | Gauntlet | Found a transporter.
 13486 | Gauntlet | Found a transporter.
 13582 | Gauntlet | Found a transporter.
 13586 | Gauntlet | Noticed a catoblepas
 13598 | Gauntlet | Found a transporter.
 13876 | Gauntlet | Identified the +0 pair of gloves of Giuqili {Will+ MP-9
                  | Int+2}
 13938 | Gauntlet | Killed a great orb of eyes
 13987 | Gauntlet | Identified the +4 helmet of Shrieking Amelioration {rElec
                  | Str+3}
 14049 | Gauntlet | Killed a minotaur
 14166 | Lair:2   | Noticed a six-headed hydra
 14177 | Lair:2   | Killed a six-headed hydra
 14212 | Lair:2   | Found a hole to the Spider Nest.
 14230 | Lair:2   | Reached XP level 13. HP: 89/101 MP: 11/20
 14346 | Lair:2   | Identified the +12 falchion of Cheibriados's Approval
                  | {heavy, Stlth+}
 14402 | Lair:2   | Received a gift from Nemelex Xobeh
 14776 | Lair:3   | Reached ****** piety under Nemelex Xobeh
 14845 | Lair:3   | Reached skill level 10 in Invocations
 14995 | Lair:3   | Received a gift from Nemelex Xobeh
 15259 | Lair:3   | Received a gift from Nemelex Xobeh
 15604 | Lair:4   | Got the Lectures on Discontinuous Guile
 15623 | Lair:4   | You are sucked into a shaft and drop 1 floor!
 15623 | Lair:5   | Entered Level 5 of the Lair of Beasts
 15817 | Lair:5   | Reached skill level 10 in Fighting
 15823 | Lair:5   | Found a dark tunnel.
 15873 | Volcano  | Entered a volcano
 16215 | Volcano  | Noticed a stone giant
 16229 | Volcano  | Killed a stone giant
 16259 | Volcano  | Found a burning altar of Makhleb.
 16626 | Lair:5   | Reached skill level 5 in Stealth
 16827 | Lair:5   | Gained mutation: A meltable icy envelope protects you from
                  | harm. (AC +0) [demonic ancestry]
 16827 | Lair:5   | Reached XP level 14. HP: 111/111 MP: 13/22
 16959 | Lair:5   | Got an earthy gem with 197 turns to spare
 17029 | Lair:5   | Received a gift from Nemelex Xobeh
 17176 | Lair:5   | Lost the earthy gem through the power of Zot.
 17709 | Lair:4   | Noticed Urug
 17717 | Lair:4   | Killed Urug
 17733 | Lair:4   | Reached skill level 5 in Shields
 17793 | Lair:4   | Received a gift from Nemelex Xobeh
 18002 | Lair:4   | Found a staircase to the Slime Pits.
 18066 | Lair:4   | Received a gift from Nemelex Xobeh
 18726 | D:5      | Killed wqsa789's ghost
 18738 | D:5      | Killed PidgeyThePirate's ghost
 18741 | D:5      | Killed PublicAnimeNo1's ghost
 18745 | D:5      | Killed ironshield's ghost
 18749 | D:5      | Killed december12's ghost
 18795 | D:5      | Identified a scroll of acquirement
 18799 | D:5      | Acquired the ring "Hoomm" {rC+ Int+2 SInv}
 19422 | D:13     | Received a gift from Nemelex Xobeh
 19453 | D:13     | You are sucked into a shaft and drop 1 floor!
 19535 | D:14     | Noticed Frances
 19555 | D:14     | Killed Frances
 19846 | D:14     | Noticed Jorgrun
 19849 | D:14     | Killed Sonja
 19861 | D:14     | Killed Jorgrun
 19862 | D:14     | Reached XP level 15. HP: 111/120 MP: 16/25
 20142 | D:15     | Entered Level 15 of the Dungeon
 20142 | D:15     | Received a gift from Nemelex Xobeh
 20296 | D:15     | Noticed Louise
 20299 | D:15     | Louise changed into Louise the fire crab
 20299 | D:15     | Noticed Louise
 20302 | D:15     | Killed Louise the fire crab
 20541 | D:15     | Found a staircase to the Depths.
 21289 | Orc:1    | Entered Level 1 of the Orcish Mines
 21332 | Orc:1    | Received a gift from Nemelex Xobeh
 21508 | Orc:1    | Found Zuplin's Distillery.
 21756 | Orc:2    | Entered Level 2 of the Orcish Mines
 21779 | Orc:2    | Found a staircase to the Elven Halls.
 21817 | Orc:2    | Found Ulopof's Assorted Antiques.
 21853 | Orc:2    | Received a gift from Nemelex Xobeh
 22173 | Orc:2    | Found Jeus's Weapon Shoppe.
 22347 | Orc:2    | Found Yschezxa's Assorted Antiques.
 22492 | Orc:2    | Upgraded the game from 0.31-a0-1626-g5cb510d to
                  | 0.31-a0-1627-g952d896
 22597 | Orc:2    | Paralysed by an orc sorcerer for 2 turns
 22602 | Orc:2    | Reached skill level 10 in Armour
 22710 | Orc:2    | Found Leck's Antique Armour Boutique.
 22712 | Orc:2    | Found Yfudes's Antique Weapon Shop.
 22919 | Elf:1    | Entered Level 1 of the Elven Halls
 22919 | Elf:1    | Received a gift from Nemelex Xobeh
 22944 | Orc:2    | Incinerated by a deep elf pyromancer

Illustrated notes

Levels and vault maps discovered:
D:1:      minmay_arrival_diagonal_passages, layout_basic, minivault_5,
          st_stairs_2
D:2:      wad_lake_hut, layout_basic, corner_web_ring, minmay_misc_feat_tiny
D:3:      layout_loops_ring, mainiacjoe_overflow_catwalk,
          mainiacjoe_overflow_24_doors, hellmonk_ecumenical_altar_blasted,
          uniq_jessica
D:4:      layout_loops_corners, nicolae_ru_sacrificial_ziggurat, serial_undead,
          serial_undead_b, serial_undead_c, serial_undead_a, serial_undead_a,
          minmay_mini_ossuary
D:5:      layout_loops_ring, mainiacjoe_ossuary_entry_find_the_door,
          gammafunk_ghost_cemetery, corexii_corridor_pit
D:6:      layout_loops_ring, temple_pool_b, portal_sewer_entry_e,
          gammafunk_ghost_icy, corexii_leaking_fountain,
          chequers_serial_rivers_small_3, uniq_grinder, uniq_jeremiah
D:7:      layout_basic
D:8:      layout_loops_cross, lightli_temple_of_fire, serial_shops, shop,
          serial_library_hellmonk_big_corner, minmay_misc_feat_five,
          grunt_decor_junction, grunt_ministairs_9
D:9:      layout_roguey, general_overflow_altar, orc_0_dummy,
          uniq_prince_ribbit1, uniq_psyche
D:10:     layout_long_grid, kennysheep_mini_moat, nicolae_trove_entry_isolated,
          serial_shops, nicolae_shop_hallway_plus
D:11:     layout_loops_ring, hellmonk_lair_entry_icy,
          serial_library_hellmonk_small_alcove, hex_medium, uniq_sonja,
          uniq_harold, uniq_erolcha, uniq_grum
D:12:     layout_roguey, serial_library_hellmonk_small_alcove, minivault_10
D:13:     layout_cave_pods, lightli_vaults_fourway_checkpoint,
          kennysheep_slug_shrine
D:14:     layout_cave_pools, uniq_jorgrun, uniq_frances
D:15:     gammafunk_enter_depths_forms, layout_cave_pods, patterned_corridor,
          uniq_louise
Temple:   nicolae_temple_bog_church
Lair:1:   layout_layer_cave
Lair:2:   layout_regular_city, swamp_mist_pool, spider_nest_entry_rubble,
          gauntlet_entry_generic, pdpol_lair_neglected_garden
Lair:3:   layout_cave_shapes, serial_bayou_lake_a
Lair:4:   layout_hall_layers, slime_entry_1, lemuel_fruit_tree,
          grunt_megastairs_5, uniq_urug
Lair:5:   minmay_lair_end_enchanted_forest, layout_cave_pods,
          nicolae_volcano_entry_batcave, infiniplex_staircase_pool_2
Orc:1:    layout_caves, basic_altar, serial_shops, nicolae_shop_stone
Orc:2:    grunt_orc_community_town_hall, layout_caves,
          grunt_orc_community_big_house_2, grunt_orc_community_big_house_1,
          grunt_orc_community_house_2, grunt_orc_community_house_3,
          grunt_orc_community_house_2, grunt_orc_community_house_1,
          grunt_orc_community_house_2, serial_shops, nicolae_shop_peninsula,
          kennysheep_orc_chapel
Elf:1:    eino_elf_arrival_shootout, layout_rooms, serial_shops,
          bzr_in_the_mist, evilmike_minifort, hangedman_feature_mirror,
          dreamdust_wishing_well

Skill      XL: |  1  2  3  4  5  6  7  8  9 10 11 12 13 14 15 |
---------------+----------------------------------------------+-----
Short Blades   | 3 |  3.6
Dodging        | 3 4 5 6 7 8 9 |  9.0
Staves         | 1 2 3 4 6 8 10 11 12 14 | 14.0
Armour         | 1 2 3 4 5 6 8 9 10 | 10.2
Fighting       | 4 5 6 8 9 10 12 | 12.8
Shields        | 1 2 3 4 5 6 |  6.4
Stealth        | 1 2 5 6 7 |  7.6
Invocations    | 3 5 7 9 11 13 14 | 14.5
Evocations     | 1 |  1.3

Action                     |  1- 3 |  4- 6 |  7- 9 | 10-12 | 13-15 || total
---------------------------+-------+-------+-------+-------+-------++-------
  Melee: Short sword       |    46 |       |       |       |       ||    46
         Dagger            |    24 |       |       |       |       ||    24
         Quarterstaff      |    41 |   123 |   619 |   721 |  1344 ||  2848
         Kick              |    12 |    39 |   197 |   287 |   586 ||  1121
 Invoke: Draw Destruction  |       |       |       |     9 |    18 ||    27
         Draw Summoning    |       |       |       |       |     4 ||     4
         Deal Four         |       |       |       |       |     3 ||     3
  Evoke: Wand              |       |       |     9 |     7 |       ||    16
    Use: Scroll            |       |       |     7 |    16 |    17 ||    40
         Potion            |       |       |       |     7 |     7 ||    14
   Stab: Sleeping          |       |       |     3 |     1 |     2 ||     6
         Petrified         |       |       |       |       |    22 ||    22
         Petrifying        |       |       |       |       |     1 ||     1
         Distracted        |       |       |       |       |    14 ||    14
 Armour: Robe              |     9 |       |       |       |       ||     9
         Leather armour    |    20 |       |       |       |       ||    20
         Ring mail         |    28 |    75 |   329 |   244 |       ||   676
         Scale mail        |       |       |       |   178 |   610 ||   788
         Skin              |       |       |       |     3 |       ||     3
         Plate armour      |       |       |       |       |   147 ||   147
  Dodge: Dodged            |    92 |    96 |   492 |   473 |   833 ||  1986
         Repelled          |       |     1 |     1 |     7 |       ||     9
  Block: Other             |     9 |    21 |   111 |   131 |   190 ||   462

Table legend: (Time is in decaauts)
 A = Elapsed time spent in this place.
 B = Non-inter-level travel time spent in this place.
 C = Inter-level travel time spent in this place.
 D = Time resting spent in this place.
 E = Time spent auto-exploring this place.
 F = Levels seen in this place.
 G = Mean time per level.
                   A        B        C        D        E       F      G
               +--------+--------+--------+--------+--------+-----+--------+
         Total |  22337 |  20733 |   1604 |      0 |  14269 |  29 |  770.2 |
       Dungeon |  13255 |  12315 |    940 |      0 |   9029 |  15 |  883.7 |
        Temple |     16 |      2 |     14 |      0 |      0 |   1 |   16.0 |
          Lair |   5072 |   4714 |    358 |      0 |   3316 |   5 | 1014.4 |
  Orcish Mines |   1535 |   1244 |    291 |      0 |    914 |   2 |  767.5 |
   Elven Halls |     18 |     18 |      0 |      0 |      0 |   1 |   18.0 |
         Abyss |     35 |     35 |      0 |      0 |      4 |   1 |   35.0 |
         Sewer |    373 |    373 |      0 |      0 |    122 |   1 |  373.0 |
       Ossuary |    815 |    815 |      0 |      0 |    420 |   1 |  815.0 |
       Volcano |    420 |    420 |      0 |      0 |     89 |   1 |  420.0 |
      Gauntlet |    794 |    794 |      0 |      0 |    374 |   1 |  794.0 |
               +--------+--------+--------+--------+--------+-----+--------+

Top non-repeatable levels by time:
  Lair:5: 1450 daAuts
     D:5: 1329 daAuts
     D:4: 1163 daAuts
   Orc:2: 1093 daAuts
  Lair:1: 1075 daAuts
    D:12: 1047 daAuts
     D:8: 1018 daAuts
  Lair:2: 1004 daAuts
    D:11: 999 daAuts
    D:15: 988 daAuts
     D:2: 976 daAuts
     D:7: 943 daAuts
     D:1: 941 daAuts
    D:10: 900 daAuts
  Lair:4: 865 daAuts
